WCHLSIM.com - West Coast Hockey League
html PUBLIC "-//W3C//DTD XHTML 1.0 Transitional//EN" "http://www.w3.org/TR/xhtml1/DTD/xhtml1-transitional.dtd"> WCHL - Game 736 - NORTH DAKOTA HAWKS vs CALGARY FIREMEN

NORTH DAKOTA HAWKS vs CALGARY FIREMEN

Created - 26 janvier 2024 at 08:14

Goals
1 2 3 T
NORTH DAKOTA HAWKS 1 1 2 4
CALGARY FIREMEN 0 1 0 1
Shots
1 2 3 T
NORTH DAKOTA HAWKS 24 10 14 48
CALGARY FIREMEN 5 7 6 18

1st period

1. NORTH DAKOTA HAWKS , Nick Suzuki 30 (Reyley Smith 31, Jake DeBrusk 34) at 2:41

Penalties :
Jake McCabe (CGY) for Roughing (Minor) at 5:05, Filip Forsberg (CGY) for Interference (Minor) at 11:42, Nick Blankenburg (NDH) for Hooking (Minor) at 16:08, Nikita Zadorov (CGY) for Holding (Minor) at 18:53

2nd period

2. NORTH DAKOTA HAWKS , Jason Robertson 12 (Jack Hughes 21) at 17:25
3. CALGARY FIREMEN , Brett Howden 7 (Fabian Zetterlund 4) at 17:56

Penalties :
Michael McCarron (CGY) for Hooking (Minor) at 0:57, Cale Makar (NDH) for Hooking (Minor) at 8:07, Brett Howden (CGY) for Hooking (Minor) at 17:57

3rd period

4. NORTH DAKOTA HAWKS , Nick Suzuki 31 (Cale Makar 25, Linus Ullmark) at 8:51 (PP)
5. NORTH DAKOTA HAWKS , Jake DeBrusk 23 (Cale Makar 26, Nick Suzuki 40) at 15:38

Penalties :
Jamie Oleksiak (CGY) for Holding (Minor) at 8:07

Goalie Stats

Linus Ullmark (NDH), 17 saves from 18 shots - (0,944), W, 28-8-0, 60:00 minutes
Samuel Ersson (CGY), 44 saves from 48 shots - (0,917), L, 2-13-2, 60:00 minutes

Players Stats for NORTH DAKOTA HAWKS

Player Name              G  A  P  +/- PIM S  H  SB GA TA FO     MP     PP MP  PK MP  
------------------------------------------------------------------------------------
Beck Malenstyn           0  0  0   0  0   3  0  0  0  0  0/1     8:28   0:00   2:12 
Cale Makar               0  2  2   1  2   6  2  4  0  0  0/0    24:04   5:20   0:00 
Dillon Dube              0  0  0  -1  0   2  3  0  0  0  1/4    15:53   5:20   0:00 
Erik Johnson             0  0  0  -1  0   0  1  1  0  0  0/0    17:20   0:00   2:06 
Frederick Gaudreau       0  0  0  -1  0   6  0  0  0  0  13/21  17:19   5:00   1:46 
Garnet Hathaway          0  0  0   0  0   0  5  0  0  0  0/0     6:16   0:00   0:00 
Jack Hughes              0  1  1   1  0   4  0  0  0  0  7/18   19:33   5:19   0:00 
Jake DeBrusk             1  1  2   2  0   5  0  0  0  0  3/4    19:59   5:39   0:00 
Jason Robertson          1  0  1   1  0   5  0  0  0  0  1/1    19:14   5:00   0:00 
Jonas Siegenthaler       0  0  0   1  0   0  6  0  0  0  0/0    20:15   0:00   1:30 
Justin Danforth          0  0  0  -1  0   0  2  0  0  0  1/1    12:19   0:00   1:46 
Mathew Dumba             0  0  0   2  0   1  0  0  0  0  0/0    13:16   0:00   1:52 
Nick Blankenburg         0  0  0   2  2   1  1  1  0  0  0/0    17:04   5:19   0:22 
Nick Suzuki              2  1  3   2  0   6  2  0  0  0  16/23  19:59   5:39   0:00 
Nico Sturm               0  0  0   0  0   0  0  0  0  0  7/12    8:28   0:00   2:12 
Reyley Smith             0  1  1   2  0   5  1  0  0  0  0/0    19:59   5:39   0:00 
Ryan Hartman             0  0  0   1  0   2  1  1  0  0  0/0    19:14   5:00   0:00 
Ryan Lindgren            0  0  0  -1  0   2  1  0  0  0  0/0    17:20   0:00   2:06 

Players Stats for CALGARY FIREMEN

Player Name              G  A  P  +/- PIM S  H  SB GA TA FO     MP     PP MP  PK MP  
------------------------------------------------------------------------------------
Andrej Sustr             0  0  0  -1  0   0  1  2  0  0  0/0    16:47   0:00   2:16 
Brett Howden             1  0  1   0  2   3  1  0  0  0  7/10   10:21   0:00   1:00 
Colton White             0  0  0  -1  0   0  0  1  0  0  0/0    14:31   0:00   0:00 
Connor Brown             0  0  0   0  0   0  0  0  0  0  0/0     9:22   0:00   0:00 
Fabian Zetterlund        0  1  1   0  0   1  0  0  0  0  1/1     9:22   0:00   0:00 
Filip Forsberg           0  0  0  -1  2   2  4  0  0  0  7/30   18:49   1:53   5:11 
Jake McCabe              0  0  0   0  2   0  5  3  0  0  0/0    23:39   1:56   5:21 
Jakob Silfverberg        0  0  0  -1  0   2  1  0  0  0  5/6    19:39   1:53   3:51 
Jamie Oleksiak           0  0  0   0  2   0  2  3  0  0  0/0    24:12   1:56   5:54 
Jordan Oesterle          0  0  0  -1  0   1  0  3  0  0  0/0    20:32   2:02   4:01 
Mason Marchment          0  0  0  -1  0   1  1  0  0  0  0/0    14:22   2:05   0:00 
Mattias Janmark-Nylen    0  0  0  -1  0   1  1  0  0  0  0/1    20:16   1:53   4:28 
Michael McCarron         0  0  0   0  2   0  2  0  0  0  0/0     9:48   0:00   0:00 
Nikita Zadorov           0  0  0  -1  2   1  3  2  0  0  0/0    20:16   2:02   3:46 
Oskar Lindblom           0  0  0  -1  0   2  0  0  0  0  0/0    14:22   2:05   0:00 
Ryan Johansen            0  0  0  -1  0   0  0  0  0  0  12/25  21:32   2:05   6:48 
Sonny Milano             0  0  0   0  0   1  0  0  0  0  1/1     9:49   0:00   0:00 
Yakov Trenin             0  0  0   0  0   3  0  0  0  0  3/11   11:36   0:00   0:00 

3 Stars

1 - Nick Suzuki (NDH)
2 - Jake DeBrusk (NDH)
3 - Cale Makar (NDH)

Power Play

NORTH DAKOTA HAWKS - 1 on 6 Attempt(s) - 16,67%
CALGARY FIREMEN - 0 on 2 Attempt(s) - 0,00%

Penalty Kill

NORTH DAKOTA HAWKS - 2 on 2 Attempt(s) - 100,00% - Score 0 goal in Penalty Kill
CALGARY FIREMEN - 5 on 6 Attempt(s) - 83,33% - Score 0 goal in Penalty Kill

Team Stat

NORTH DAKOTA HAWKS - Hits : 25 - Faceoff Wins : 49 - Blocked Shots : 7 - Penalty Minutes : 4
CALGARY FIREMEN - Hits : 21 - Faceoff Wins : 36 - Blocked Shots : 14 - Penalty Minutes : 12

Official

Referees : Robert Hennessey and Shaun Davis
Linesman : Bryan Pancich and Michel Cormier

Game Notes

Filip Forsberg is injured at 13:36 of 3rd period (Sore Left Knee)

Finance

Level 1 -- Attendance: 6000 (100,00%) -- Ticket Income 870 000 $
Level 2 -- Attendance: 5000 (100,00%) -- Ticket Income 550 000 $
Level 3 -- Attendance: 2572 (85,73%) -- Ticket Income 154 320 $
Level 4 -- Attendance: 4394 (87,88%) -- Ticket Income 259 246 $
Luxury Box -- Attendance: 1000 (100,00%) -- Ticket Income 290 000 $
Game was played at the Larouche Stadium.
Total Attendance: 18966 (94,83%)
Total Ticket Income: 2 123 566 $
Other Expense: 21 236 $
Total Income: 2 102 330 $

NORTH DAKOTA HAWKS

5 vs 5 Forward 
   Center                   Left Wing                Right Wing               Time % Phy DF OF 
 1 Jack Hughes              Jason Robertson          Ryan Hartman             31     0   2  3  
 2 Nick Suzuki              Jake DeBrusk             Reyley Smith             31     0   2  3  
 3 Frederick Gaudreau       Dillon Dube              Justin Danforth          23     0   4  1  
 4 Nico Sturm               Beck Malenstyn           Garnet Hathaway          15     0   5  0  

5 vs 5 Defense 
   Defense                  Defense                                           Time % Phy DF OF 
 1 Jonas Siegenthaler       Cale Makar                                        42     0   4  1  
 2 Ryan Lindgren            Erik Johnson                                      36     0   5  0  
 3 Mathew Dumba             Nick Blankenburg                                  12     0   5  0  
 4 Mathew Dumba             Nick Blankenburg                                  10     0   5  0  

PowerPlay Forward 
   Center                   Left Wing                Right Wing               Time % Phy DF OF 
 1 Nick Suzuki              Jake DeBrusk             Reyley Smith             65     1   0  4  
 2 Frederick Gaudreau       Jason Robertson          Ryan Hartman             35     1   0  4  

PowerPlay Defense
   Defense                  Defense                                           Time % Phy DF OF 
 1 Dillon Dube              Cale Makar                                        65     0   0  5  
 2 Jack Hughes              Nick Blankenburg                                  35     0   0  5  

Penalty Kill 4 Players Forward 
   Center                   Wing                     Time % Phy DF OF 
 1 Nico Sturm               Beck Malenstyn           55     0   4  1  
 2 Frederick Gaudreau       Justin Danforth          45     0   4  1  

Penalty Kill 4 Players Defense
   Defense                  Defense                  Time % Phy DF OF 
 1 Jonas Siegenthaler       Mathew Dumba             55     0   5  0  
 2 Ryan Lindgren            Erik Johnson             45     0   5  0  

Penalty Kill - 3 Players Forward 
   Forward                                           Time % Phy DF OF 
 1 Nico Sturm                                        55     0   5  0  
 2 Frederick Gaudreau                                45     0   5  0  

Penalty Kill - 3 Players Defense
   Defense                  Defense                  Time % Phy DF OF 
 1 Jonas Siegenthaler       Mathew Dumba             55     0   5  0  
 2 Ryan Lindgren            Erik Johnson             45     0   5  0  

4 vs 4 Forward 
   Center                   Wing                     Time % Phy DF OF 
 1 Jack Hughes              Jason Robertson          55     0   1  4  
 2 Nick Suzuki              Jake DeBrusk             45     0   1  4  

4 vs 4 Defense
   Defense                  Defense                  Time % Phy DF OF 
 1 Jonas Siegenthaler       Cale Makar               55     0   1  4  
 2 Ryan Lindgren            Erik Johnson             45     0   4  1  

Last Minutes Offensive
   Center                   Left Wing                Right Wing               Defense                  Defense                  
   Nick Suzuki              Jake DeBrusk             Reyley Smith             Jonas Siegenthaler       Cale Makar               

Last Minutes Defensive
   Center                   Left Wing                Right Wing               Defense                  Defense                  
   Nick Suzuki              Jake DeBrusk             Reyley Smith             Jonas Siegenthaler       Cale Makar               

Goaltenders
Starting : Linus Ullmark            
Backup : Scott Wedgewood          

Extra Forwards
Normal : Justin Danforth, Nico Sturm, Beck Malenstyn - PP : Justin Danforth, Nico Sturm - PK : Garnet Hathaway
Extra Defensemen
Normal : Mathew Dumba, Erik Johnson, Nick Blankenburg - PP : Ryan Lindgren - PK : Cale Makar, Nick Blankenburg
Penalty Shots
Jack Hughes, Jason Robertson, Ryan Hartman, Nick Suzuki, Jake DeBrusk
Custom OT Lines Forwards
Jason Robertson, Nick Suzuki, Ryan Hartman, Jake DeBrusk, Reyley Smith, Frederick Gaudreau, Jack Hughes, Dillon Dube, Justin Danforth, Nico Sturm
Custom OT Lines Defensemen
Cale Makar, Jonas Siegenthaler, Ryan Lindgren, Erik Johnson, Mathew Dumba

Scratches
Alex Belzile (Strained Right Knee Injury), Ben Hutton (Healthy), Emil Bemstrom (Healthy)

CALGARY FIREMEN

5 vs 5 Forward 
   Center                   Left Wing                Right Wing               Time % Phy DF OF 
 1 Filip Forsberg           Jakob Silfverberg        Mattias Janmark-Nylen    34     1   2  2  
 2 Ryan Johansen            Mason Marchment          Oskar Lindblom           31     1   2  2  
 3 Yakov Trenin             Sonny Milano             Michael McCarron         25     1   2  2  
 4 Brett Howden             Fabian Zetterlund        Connor Brown             10     1   2  2  

5 vs 5 Defense 
   Defense                  Defense                                           Time % Phy DF OF 
 1 Jamie Oleksiak           Jake McCabe                                       34     1   2  2  
 2 Nikita Zadorov           Jordan Oesterle                                   31     1   2  2  
 3 Colton White             Andrej Sustr                                      25     1   2  2  
 4 Jamie Oleksiak           Jake McCabe                                       10     1   2  2  

PowerPlay Forward 
   Center                   Left Wing                Right Wing               Time % Phy DF OF 
 1 Filip Forsberg           Jakob Silfverberg        Mattias Janmark-Nylen    55     1   2  2  
 2 Ryan Johansen            Mason Marchment          Oskar Lindblom           45     1   2  2  

PowerPlay Defense
   Defense                  Defense                                           Time % Phy DF OF 
 1 Jamie Oleksiak           Jake McCabe                                       55     1   2  2  
 2 Nikita Zadorov           Jordan Oesterle                                   45     1   2  2  

Penalty Kill 4 Players Forward 
   Center                   Wing                     Time % Phy DF OF 
 1 Filip Forsberg           Ryan Johansen            55     1   2  2  
 2 Jakob Silfverberg        Mattias Janmark-Nylen    45     1   2  2  

Penalty Kill 4 Players Defense
   Defense                  Defense                  Time % Phy DF OF 
 1 Jamie Oleksiak           Jake McCabe              55     1   2  2  
 2 Nikita Zadorov           Jordan Oesterle          45     1   2  2  

Penalty Kill - 3 Players Forward 
   Forward                                           Time % Phy DF OF 
 1 Filip Forsberg                                    55     1   2  2  
 2 Ryan Johansen                                     45     1   2  2  

Penalty Kill - 3 Players Defense
   Defense                  Defense                  Time % Phy DF OF 
 1 Jamie Oleksiak           Jake McCabe              55     1   2  2  
 2 Nikita Zadorov           Jordan Oesterle          45     1   2  2  

4 vs 4 Forward 
   Center                   Wing                     Time % Phy DF OF 
 1 Filip Forsberg           Ryan Johansen            55     1   2  2  
 2 Jakob Silfverberg        Mattias Janmark-Nylen    45     1   2  2  

4 vs 4 Defense
   Defense                  Defense                  Time % Phy DF OF 
 1 Jamie Oleksiak           Jake McCabe              55     1   2  2  
 2 Nikita Zadorov           Jordan Oesterle          45     1   2  2  

Last Minutes Offensive
   Center                   Left Wing                Right Wing               Defense                  Defense                  
   Filip Forsberg           Jakob Silfverberg        Mattias Janmark-Nylen    Jamie Oleksiak           Jake McCabe              

Last Minutes Defensive
   Center                   Left Wing                Right Wing               Defense                  Defense                  
   Filip Forsberg           Jakob Silfverberg        Mattias Janmark-Nylen    Jamie Oleksiak           Jake McCabe              

Goaltenders
Starting : Samuel Ersson            
Backup : Kevin Poulin             

Extra Forwards
Normal : Yakov Trenin, Sonny Milano, Brett Howden - PP : Yakov Trenin, Sonny Milano - PK : Brett Howden
Extra Defensemen
Normal : Colton White, Andrej Sustr, Nikita Zadorov - PP : Colton White - PK : Andrej Sustr, Nikita Zadorov
Penalty Shots
Filip Forsberg, Ryan Johansen, Jakob Silfverberg, Mattias Janmark-Nylen, Mason Marchment
Custom OT Lines Forwards
Filip Forsberg, Ryan Johansen, Jakob Silfverberg, Mattias Janmark-Nylen, Mason Marchment, Yakov Trenin, Sonny Milano, Brett Howden, Fabian Zetterlund, Oskar Lindblom
Custom OT Lines Defensemen
Jamie Oleksiak, Jake McCabe, Nikita Zadorov, Jordan Oesterle, Colton White

Scratches
Tyler Tullio (Healthy), Liam Foudy (Healthy), Nathan Smith (Healthy), Santtu Kinnunen (Healthy), Garret Sparks (Healthy)

% Time on Ice - NORTH DAKOTA HAWKS

Lines # - Real PCT - Wanted PCT - Time Play
Normal Forward
1 - 31% - 31% - 14:14
2 - 32% - 31% - 14:20
3 - 23% - 23% - 10:33
4 - 14% - 15% - 6:16
Normal Defense
1 - 41% - 42% - 18:45
2 - 34% - 36% - 15:14
3 - 14% - 12% - 6:33
4 - 11% - 10% - 4:51
PP Forward
1 - 53% - 65% - 5:39
2 - 47% - 35% - 5:00
PP Defense
1 - 50% - 65% - 5:20
2 - 50% - 35% - 5:19
PK Forward
1 - 55% - 55% - 2:12
2 - 45% - 45% - 1:46
PK Defense
1 - 47% - 55% - 1:52
2 - 53% - 45% - 2:06
PK3 Forward
1 - 0% - 55%
2 - 0% - 45%
PK3 Defense
1 - 0% - 55%
2 - 0% - 45%
44 Forward
1 - 0% - 55%
2 - 0% - 45%
44 Defense
1 - 0% - 55%
2 - 0% - 45%
Last Minute Offensive  - 0:00
Last Minute Defensive  - 0:00
Total
Forward - 60:00
Defense - 60:00

% Time on Ice - CALGARY FIREMEN

Lines # - Real PCT - Wanted PCT - Time Play
Normal Forward
1 - 31% - 34% - 13:55
2 - 27% - 31% - 12:17
3 - 22% - 25% - 9:49
4 - 21% - 10% - 9:22
Normal Defense
1 - 34% - 34% - 15:36
2 - 32% - 31% - 14:29
3 - 32% - 25% - 14:31
4 - 2% - 10% - 0:47
PP Forward
1 - 47% - 55% - 1:53
2 - 53% - 45% - 2:05
PP Defense
1 - 49% - 55% - 1:56
2 - 51% - 45% - 2:02
PK Forward
1 - 64% - 55% - 6:48
2 - 36% - 45% - 3:51
PK Defense
1 - 62% - 55% - 6:38
2 - 38% - 45% - 4:01
PK3 Forward
1 - 0% - 55%
2 - 0% - 45%
PK3 Defense
1 - 0% - 55%
2 - 0% - 45%
44 Forward
1 - 0% - 55%
2 - 0% - 45%
44 Defense
1 - 0% - 55%
2 - 0% - 45%
Last Minute Offensive  - 0:00
Last Minute Defensive  - 0:00
Total
Forward - 60:00
Defense - 60:00

Play-by-Play

1st period


0:01 of 1st period - Jack Hughes wins face-off versus Filip Forsberg in neutral zone.
0:03 of 1st period - Cale Makar is hit by Jake McCabe and loses puck.
0:09 of 1st period - Jason Robertson is hit by Jake McCabe and loses puck.
1:16 of 1st period - Shot by Reyley Smith.
1:16 of 1st period - Stopped by Samuel Ersson with a rebound.
1:18 of 1st period - Shot by Ryan Lindgren.
1:18 of 1st period - Stopped by Samuel Ersson without a rebound.
1:19 of 1st period - Frederick Gaudreau wins face-off versus Yakov Trenin in CALGARY FIREMEN zone.
1:30 of 1st period - Shot by Frederick Gaudreau.
1:30 of 1st period - Stopped by Samuel Ersson without a rebound.
1:31 of 1st period - Nico Sturm wins face-off versus Brett Howden in CALGARY FIREMEN zone.
2:00 of 1st period - Brett Howden is hit by Garnet Hathaway and loses puck.
2:08 of 1st period - Fabian Zetterlund is hit by Garnet Hathaway.
2:14 of 1st period - Fabian Zetterlund is hit by Garnet Hathaway and loses puck.
2:37 of 1st period - Shot by Nick Suzuki.
2:37 of 1st period - Stopped by Samuel Ersson with a rebound.
2:39 of 1st period - Shot by Nick Suzuki.
2:39 of 1st period - Shot Misses the Net.
2:41 of 1st period - Shot by Nick Suzuki.
2:41 of 1st period - Goal by Nick Suzuki - NORTH DAKOTA HAWKS : 1 - CALGARY FIREMEN : 0.
2:42 of 1st period - Frederick Gaudreau wins face-off versus Yakov Trenin in neutral zone.
3:03 of 1st period - Shot by Dillon Dube.
3:03 of 1st period - Stopped by Samuel Ersson with a rebound.
3:05 of 1st period - Shot by Frederick Gaudreau.
3:05 of 1st period - Stopped by Samuel Ersson without a rebound.
3:06 of 1st period - Jake DeBrusk wins face-off versus Ryan Johansen in CALGARY FIREMEN zone.
3:06 of 1st period - Jake DeBrusk is hit by Jamie Oleksiak.
3:15 of 1st period - Icing by Jamie Oleksiak.
3:16 of 1st period - Ryan Johansen wins face-off versus Nick Suzuki in CALGARY FIREMEN zone.
3:52 of 1st period - Icing by Erik Johnson.
3:53 of 1st period - Jakob Silfverberg wins face-off versus Jake DeBrusk in NORTH DAKOTA HAWKS zone.
3:56 of 1st period - Shot by Jakob Silfverberg.
3:56 of 1st period - Shot Misses the Net.
5:05 of 1st period - Minor Penalty to Jake McCabe for Roughing.
5:06 of 1st period - Frederick Gaudreau wins face-off versus Filip Forsberg in CALGARY FIREMEN zone.
5:11 of 1st period - Shot by Jason Robertson.
5:11 of 1st period - Stopped by Samuel Ersson without a rebound.
5:12 of 1st period - Filip Forsberg wins face-off versus Frederick Gaudreau in CALGARY FIREMEN zone.
5:31 of 1st period - Shot by Jack Hughes.
5:31 of 1st period - Shot Blocked by Andrej Sustr.
5:33 of 1st period - Shot by Ryan Hartman.
5:33 of 1st period - Shot Blocked by Andrej Sustr.
5:35 of 1st period - Shot by Frederick Gaudreau.
5:35 of 1st period - Shot Misses the Net.
5:37 of 1st period - Shot by Frederick Gaudreau.
5:37 of 1st period - Shot Misses the Net.
5:39 of 1st period - Shot by Ryan Hartman.
5:39 of 1st period - Shot Misses the Net.
5:41 of 1st period - Shot by Nick Blankenburg.
5:41 of 1st period - Stopped by Samuel Ersson without a rebound.
5:42 of 1st period - Jakob Silfverberg wins face-off versus Nick Suzuki in CALGARY FIREMEN zone.
5:57 of 1st period - Shot by Nick Suzuki.
5:57 of 1st period - Stopped by Samuel Ersson with a rebound.
5:59 of 1st period - Shot by Cale Makar.
5:59 of 1st period - Shot Misses the Net.
6:27 of 1st period - Shot by Reyley Smith.
6:27 of 1st period - Stopped by Samuel Ersson without a rebound.
6:28 of 1st period - Frederick Gaudreau wins face-off versus Filip Forsberg in CALGARY FIREMEN zone.
6:33 of 1st period - Shot by Jason Robertson.
6:33 of 1st period - Shot Misses the Net.
6:35 of 1st period - Shot by Jack Hughes.
6:35 of 1st period - Shot Blocked by Nikita Zadorov.
6:37 of 1st period - Shot by Frederick Gaudreau.
6:37 of 1st period - Stopped by Samuel Ersson without a rebound.
6:38 of 1st period - Jakob Silfverberg wins face-off versus Frederick Gaudreau in CALGARY FIREMEN zone.
7:36 of 1st period - Shot by Beck Malenstyn.
7:36 of 1st period - Stopped by Samuel Ersson without a rebound.
7:37 of 1st period - Ryan Johansen wins face-off versus Jack Hughes in CALGARY FIREMEN zone.
8:02 of 1st period - Shot by Jason Robertson.
8:02 of 1st period - Stopped by Samuel Ersson without a rebound.
8:03 of 1st period - Frederick Gaudreau wins face-off versus Filip Forsberg in CALGARY FIREMEN zone.
8:03 of 1st period - Cale Makar is hit by Andrej Sustr and loses puck.
8:29 of 1st period - Shot by Cale Makar.
8:29 of 1st period - Stopped by Samuel Ersson without a rebound.
8:30 of 1st period - Yakov Trenin wins face-off versus Jack Hughes in CALGARY FIREMEN zone.
8:46 of 1st period - Shot by Yakov Trenin.
8:46 of 1st period - Deflect By Sonny Milano.
8:46 of 1st period - Shot Blocked by Ryan Hartman.
9:08 of 1st period - Off-side.
9:09 of 1st period - Nick Suzuki wins face-off versus Ryan Johansen in neutral zone.
9:35 of 1st period - Shot by Nick Suzuki.
9:35 of 1st period - Shot Misses the Net.
9:38 of 1st period - Icing by Jake McCabe.
9:39 of 1st period - Frederick Gaudreau wins face-off versus Ryan Johansen in CALGARY FIREMEN zone.
9:41 of 1st period - Justin Danforth is hit by Jake McCabe and loses puck.
9:50 of 1st period - Oskar Lindblom is hit by Dillon Dube and loses puck.
10:21 of 1st period - Filip Forsberg is hit by Erik Johnson and loses puck.
10:27 of 1st period - Justin Danforth is hit by Filip Forsberg and loses puck.
10:41 of 1st period - Shot by Jack Hughes.
10:41 of 1st period - Stopped by Samuel Ersson without a rebound.
10:42 of 1st period - Jack Hughes wins face-off versus Yakov Trenin in CALGARY FIREMEN zone.
10:57 of 1st period - Shot by Yakov Trenin.
10:57 of 1st period - Stopped by Linus Ullmark without a rebound.
10:58 of 1st period - Brett Howden wins face-off versus Nick Suzuki in NORTH DAKOTA HAWKS zone.
11:42 of 1st period - Minor Penalty to Filip Forsberg for Interference.
11:43 of 1st period - Ryan Johansen wins face-off versus Frederick Gaudreau in CALGARY FIREMEN zone.
11:43 of 1st period - Ryan Johansen is hit by Ryan Hartman.
12:05 of 1st period - Shot by Cale Makar.
12:05 of 1st period - Shot Blocked by Jamie Oleksiak.
12:07 of 1st period - Shot by Cale Makar.
12:07 of 1st period - Shot Misses the Net.
12:09 of 1st period - Shot by Ryan Hartman.
12:09 of 1st period - Stopped by Samuel Ersson without a rebound.
12:10 of 1st period - Nick Suzuki wins face-off versus Mattias Janmark-Nylen in CALGARY FIREMEN zone.
12:20 of 1st period - Icing by Jake DeBrusk.
12:21 of 1st period - Brett Howden wins face-off versus Nick Suzuki in NORTH DAKOTA HAWKS zone.
12:47 of 1st period - Shot by Ryan Johansen.
12:47 of 1st period - Shot Misses the Net.
12:49 of 1st period - Shot by Brett Howden.
12:49 of 1st period - Shot Misses the Net.
13:34 of 1st period - Shot by Cale Makar.
13:34 of 1st period - Stopped by Samuel Ersson with a rebound.
13:36 of 1st period - Shot by Dillon Dube.
13:36 of 1st period - Stopped by Samuel Ersson with a rebound.
13:52 of 1st period - Shot by Beck Malenstyn.
13:52 of 1st period - Stopped by Samuel Ersson with a rebound.
14:44 of 1st period - Shot by Filip Forsberg.
14:44 of 1st period - Stopped by Linus Ullmark without a rebound.
14:45 of 1st period - Brett Howden wins face-off versus Jack Hughes in NORTH DAKOTA HAWKS zone.
16:01 of 1st period - Shot by Mason Marchment.
16:01 of 1st period - Shot Misses the Net.
16:03 of 1st period - Shot by Nikita Zadorov.
16:03 of 1st period - Shot Misses the Net.
16:05 of 1st period - Shot by Jordan Oesterle.
16:05 of 1st period - Shot Misses the Net.
16:07 of 1st period - Shot by Jordan Oesterle.
16:07 of 1st period - Shot Misses the Net.
16:08 of 1st period - Minor Penalty to Nick Blankenburg for Hooking.
16:09 of 1st period - Filip Forsberg wins face-off versus Nico Sturm in NORTH DAKOTA HAWKS zone.
16:10 of 1st period - Shot by Jakob Silfverberg.
16:10 of 1st period - Stopped by Linus Ullmark without a rebound.
16:11 of 1st period - Filip Forsberg wins face-off versus Beck Malenstyn in NORTH DAKOTA HAWKS zone.
16:40 of 1st period - Shot by Mathew Dumba.
16:40 of 1st period - Stopped by Samuel Ersson without a rebound.
16:41 of 1st period - Nico Sturm wins face-off versus Ryan Johansen in CALGARY FIREMEN zone.
16:42 of 1st period - Shot by Beck Malenstyn.
16:42 of 1st period - Stopped by Samuel Ersson without a rebound.
16:43 of 1st period - Nico Sturm wins face-off versus Ryan Johansen in CALGARY FIREMEN zone.
16:57 of 1st period - Icing by Jake McCabe.
16:58 of 1st period - Nico Sturm wins face-off versus Ryan Johansen in CALGARY FIREMEN zone.
17:07 of 1st period - Shot by Nico Sturm.
17:07 of 1st period - Shot Misses the Net.
18:01 of 1st period - Shot by Mattias Janmark-Nylen.
18:01 of 1st period - Stopped by Linus Ullmark without a rebound.
18:02 of 1st period - Nico Sturm wins face-off versus Filip Forsberg in NORTH DAKOTA HAWKS zone.
18:13 of 1st period - Colton White is hit by Nick Suzuki and loses puck.
18:44 of 1st period - Shot by Yakov Trenin.
18:44 of 1st period - Stopped by Linus Ullmark without a rebound.
18:45 of 1st period - Jack Hughes wins face-off versus Filip Forsberg in NORTH DAKOTA HAWKS zone.
18:47 of 1st period - Jason Robertson is hit by Mattias Janmark-Nylen and loses puck.
18:53 of 1st period - Minor Penalty to Nikita Zadorov for Holding.
18:54 of 1st period - Filip Forsberg wins face-off versus Frederick Gaudreau in CALGARY FIREMEN zone.
19:24 of 1st period - Shot by Cale Makar.
19:24 of 1st period - Stopped by Samuel Ersson with a rebound.
19:26 of 1st period - Shot by Ryan Hartman.
19:26 of 1st period - Shot Blocked by Jordan Oesterle.
19:28 of 1st period - Shot by Cale Makar.
19:28 of 1st period - Stopped by Samuel Ersson without a rebound.
19:29 of 1st period - Filip Forsberg wins face-off versus Nick Suzuki in CALGARY FIREMEN zone.
Goals for this period are 1 for NORTH DAKOTA HAWKS vs 0 for CALGARY FIREMEN.
Shots for this period are 24 for NORTH DAKOTA HAWKS vs 5 for CALGARY FIREMEN.

2nd period


0:01 of 2nd period - Nick Suzuki wins face-off versus Filip Forsberg in neutral zone.
0:06 of 2nd period - Shot by Jake DeBrusk.
0:06 of 2nd period - Shot Misses the Net.
0:08 of 2nd period - Shot by Cale Makar.
0:08 of 2nd period - Stopped by Samuel Ersson without a rebound.
0:09 of 2nd period - Nick Suzuki wins face-off versus Filip Forsberg in CALGARY FIREMEN zone.
0:29 of 2nd period - Reyley Smith is hit by Jake McCabe and loses puck.
0:57 of 2nd period - Minor Penalty to Michael McCarron for Hooking.
0:58 of 2nd period - Frederick Gaudreau wins face-off versus Filip Forsberg in CALGARY FIREMEN zone.
2:19 of 2nd period - Shot by Nick Suzuki.
2:19 of 2nd period - Shot Misses the Net.
2:21 of 2nd period - Shot by Nick Suzuki.
2:21 of 2nd period - Shot Misses the Net.
2:23 of 2nd period - Shot by Nick Suzuki.
2:23 of 2nd period - Shot Misses the Net.
2:25 of 2nd period - Shot by Reyley Smith.
2:25 of 2nd period - Shot Blocked by Jake McCabe.
2:27 of 2nd period - Shot by Cale Makar.
2:27 of 2nd period - Shot Misses the Net.
2:29 of 2nd period - Shot by Jake DeBrusk.
2:29 of 2nd period - Deflect By Reyley Smith.
2:29 of 2nd period - Stopped by Samuel Ersson with a rebound.
2:31 of 2nd period - Shot by Jake DeBrusk.
2:31 of 2nd period - Shot Misses the Net.
2:37 of 2nd period - Shot by Cale Makar.
2:37 of 2nd period - Shot Hit the Post.
3:05 of 2nd period - Shot by Yakov Trenin.
3:05 of 2nd period - Stopped by Linus Ullmark without a rebound.
3:06 of 2nd period - Nico Sturm wins face-off versus Yakov Trenin in NORTH DAKOTA HAWKS zone.
3:23 of 2nd period - Shot by Beck Malenstyn.
3:23 of 2nd period - Shot Blocked by Colton White.
3:43 of 2nd period - Shot by Sonny Milano.
3:43 of 2nd period - Shot Misses the Net.
4:24 of 2nd period - Shot by Fabian Zetterlund.
4:24 of 2nd period - Shot Misses the Net.
4:26 of 2nd period - Shot by Nikita Zadorov.
4:26 of 2nd period - Shot Blocked by Cale Makar.
4:28 of 2nd period - Shot by Jordan Oesterle.
4:28 of 2nd period - Stopped by Linus Ullmark without a rebound.
4:29 of 2nd period - Nick Suzuki wins face-off versus Filip Forsberg in NORTH DAKOTA HAWKS zone.
4:44 of 2nd period - Shot by Jake DeBrusk.
4:44 of 2nd period - Shot Blocked by Jake McCabe.
5:50 of 2nd period - Shot by Jason Robertson.
5:50 of 2nd period - Shot Misses the Net.
6:22 of 2nd period - Shot by Sonny Milano.
6:22 of 2nd period - Stopped by Linus Ullmark without a rebound.
6:23 of 2nd period - Frederick Gaudreau wins face-off versus Brett Howden in NORTH DAKOTA HAWKS zone.
6:23 of 2nd period - Frederick Gaudreau is hit by Brett Howden.
6:40 of 2nd period - Shot by Frederick Gaudreau.
6:40 of 2nd period - Shot Blocked by Jamie Oleksiak.
6:42 of 2nd period - Shot by Erik Johnson.
6:42 of 2nd period - Shot Blocked by Jamie Oleksiak.
6:44 of 2nd period - Shot by Ryan Lindgren.
6:44 of 2nd period - Stopped by Samuel Ersson with a rebound.
6:59 of 2nd period - Justin Danforth is hit by Jamie Oleksiak and loses puck.
7:36 of 2nd period - Shot by Filip Forsberg.
7:36 of 2nd period - Shot Blocked by Cale Makar.
7:38 of 2nd period - Shot by Filip Forsberg.
7:38 of 2nd period - Shot Blocked by Cale Makar.
8:01 of 2nd period - Jakob Silfverberg is hit by Jonas Siegenthaler and loses puck.
8:06 of 2nd period - Shot by Jakob Silfverberg.
8:06 of 2nd period - Shot Blocked by Cale Makar.
8:07 of 2nd period - Minor Penalty to Cale Makar for Hooking.
8:08 of 2nd period - Ryan Johansen wins face-off versus Frederick Gaudreau in NORTH DAKOTA HAWKS zone.
8:37 of 2nd period - Shot by Ryan Johansen.
8:37 of 2nd period - Deflect By Mason Marchment.
8:37 of 2nd period - Shot Blocked by Nick Blankenburg.
8:48 of 2nd period - Icing by Jake McCabe.
8:49 of 2nd period - Filip Forsberg wins face-off versus Nico Sturm in CALGARY FIREMEN zone.
8:51 of 2nd period - Icing by Jakob Silfverberg.
8:52 of 2nd period - Nico Sturm wins face-off versus Filip Forsberg in CALGARY FIREMEN zone.
9:53 of 2nd period - Shot by Ryan Johansen.
9:53 of 2nd period - Shot Misses the Net.
9:55 of 2nd period - Shot by Nikita Zadorov.
9:55 of 2nd period - Stopped by Linus Ullmark without a rebound.
9:56 of 2nd period - Frederick Gaudreau wins face-off versus Filip Forsberg in NORTH DAKOTA HAWKS zone.
9:56 of 2nd period - Frederick Gaudreau is hit by Filip Forsberg.
10:22 of 2nd period - Shot by Yakov Trenin.
10:22 of 2nd period - Deflect By Sonny Milano.
10:22 of 2nd period - Shot Misses the Net.
10:58 of 2nd period - Icing by Michael McCarron.
10:59 of 2nd period - Nick Suzuki wins face-off versus Yakov Trenin in CALGARY FIREMEN zone.
11:24 of 2nd period - Shot by Nick Suzuki.
11:24 of 2nd period - Stopped by Samuel Ersson without a rebound.
11:25 of 2nd period - Jakob Silfverberg wins face-off versus Dillon Dube in CALGARY FIREMEN zone.
11:39 of 2nd period - Erik Johnson is hit by Jakob Silfverberg and loses puck.
11:52 of 2nd period - Shot by Jakob Silfverberg.
11:52 of 2nd period - Stopped by Linus Ullmark without a rebound.
11:53 of 2nd period - Ryan Johansen wins face-off versus Jack Hughes in NORTH DAKOTA HAWKS zone.
11:54 of 2nd period - Shot by Mason Marchment.
11:54 of 2nd period - Stopped by Linus Ullmark without a rebound.
11:55 of 2nd period - Ryan Johansen wins face-off versus Jack Hughes in NORTH DAKOTA HAWKS zone.
12:05 of 2nd period - Ryan Johansen is hit by Jonas Siegenthaler and loses puck.
12:11 of 2nd period - Mason Marchment is hit by Cale Makar and loses puck.
12:23 of 2nd period - Ryan Johansen is hit by Jonas Siegenthaler and loses puck.
12:35 of 2nd period - Ryan Johansen is hit by Jonas Siegenthaler and loses puck.
12:55 of 2nd period - Icing by Ryan Hartman.
12:56 of 2nd period - Brett Howden wins face-off versus Jack Hughes in NORTH DAKOTA HAWKS zone.
13:16 of 2nd period - Fabian Zetterlund is hit by Jonas Siegenthaler and loses puck.
13:59 of 2nd period - Shot by Reyley Smith.
13:59 of 2nd period - Stopped by Samuel Ersson without a rebound.
14:00 of 2nd period - Justin Danforth wins face-off versus Filip Forsberg in CALGARY FIREMEN zone.
14:16 of 2nd period - Shot by Frederick Gaudreau.
14:16 of 2nd period - Shot Misses the Net.
14:28 of 2nd period - Icing by Filip Forsberg.
14:29 of 2nd period - Filip Forsberg wins face-off versus Nick Suzuki in CALGARY FIREMEN zone.
14:29 of 2nd period - Filip Forsberg is hit by Nick Suzuki.
14:42 of 2nd period - Jakob Silfverberg is hit by Ryan Lindgren.
14:46 of 2nd period - Shot by Filip Forsberg.
14:46 of 2nd period - Shot Blocked by Erik Johnson.
15:13 of 2nd period - Icing by Ryan Lindgren.
15:14 of 2nd period - Nick Suzuki wins face-off versus Ryan Johansen in NORTH DAKOTA HAWKS zone.
15:18 of 2nd period - Off-side.
15:19 of 2nd period - Ryan Johansen wins face-off versus Frederick Gaudreau in neutral zone.
15:25 of 2nd period - Icing by Cale Makar.
15:26 of 2nd period - Dillon Dube wins face-off versus Ryan Johansen in NORTH DAKOTA HAWKS zone.
15:31 of 2nd period - Ryan Johansen is hit by Justin Danforth and loses puck.
15:59 of 2nd period - Nikita Zadorov is hit by Dillon Dube and loses puck.
16:21 of 2nd period - Jake DeBrusk is hit by Nikita Zadorov and loses puck.
16:40 of 2nd period - Shot by Reyley Smith.
16:40 of 2nd period - Stopped by Samuel Ersson without a rebound.
16:41 of 2nd period - Jack Hughes wins face-off versus Filip Forsberg in CALGARY FIREMEN zone.
17:25 of 2nd period - Shot by Jason Robertson.
17:25 of 2nd period - Goal by Jason Robertson - NORTH DAKOTA HAWKS : 2 - CALGARY FIREMEN : 0.
17:26 of 2nd period - Nick Suzuki wins face-off versus Yakov Trenin in neutral zone.
17:35 of 2nd period - Colton White is hit by Reyley Smith and loses puck.
17:48 of 2nd period - Shot by Jake DeBrusk.
17:48 of 2nd period - Stopped by Samuel Ersson with a rebound.
17:50 of 2nd period - Shot by Jake DeBrusk.
17:50 of 2nd period - Stopped by Samuel Ersson without a rebound.
17:51 of 2nd period - Fabian Zetterlund wins face-off versus Dillon Dube in CALGARY FIREMEN zone.
17:56 of 2nd period - Shot by Brett Howden.
17:56 of 2nd period - Goal by Brett Howden - NORTH DAKOTA HAWKS : 2 - CALGARY FIREMEN : 1.
17:57 of 2nd period - Frederick Gaudreau wins face-off versus Brett Howden in neutral zone.
17:57 of 2nd period - Minor Penalty to Brett Howden for Hooking.
17:58 of 2nd period - Nick Suzuki wins face-off versus Filip Forsberg in CALGARY FIREMEN zone.
18:06 of 2nd period - Icing by Nick Suzuki.
18:07 of 2nd period - Jake DeBrusk wins face-off versus Filip Forsberg in NORTH DAKOTA HAWKS zone.
18:07 of 2nd period - Jake DeBrusk is hit by Filip Forsberg.
18:21 of 2nd period - Shot by Nick Suzuki.
18:21 of 2nd period - Shot Misses the Net.
18:23 of 2nd period - Shot by Nick Suzuki.
18:23 of 2nd period - Shot Blocked by Jake McCabe.
18:51 of 2nd period - Shot by Cale Makar.
18:51 of 2nd period - Shot Misses the Net.
19:21 of 2nd period - Shot by Jack Hughes.
19:21 of 2nd period - Stopped by Samuel Ersson without a rebound.
19:22 of 2nd period - Jakob Silfverberg wins face-off versus Frederick Gaudreau in CALGARY FIREMEN zone.
Goals for this period are 1 for NORTH DAKOTA HAWKS vs 1 for CALGARY FIREMEN.
Shots for this period are 10 for NORTH DAKOTA HAWKS vs 7 for CALGARY FIREMEN.

3rd period


0:01 of 3rd period - Nick Suzuki wins face-off versus Filip Forsberg in neutral zone.
0:26 of 3rd period - Shot by Reyley Smith.
0:26 of 3rd period - Shot Misses the Net.
1:25 of 3rd period - Icing by Jack Hughes.
1:26 of 3rd period - Ryan Johansen wins face-off versus Jack Hughes in NORTH DAKOTA HAWKS zone.
1:27 of 3rd period - Shot by Mason Marchment.
1:27 of 3rd period - Shot Misses the Net.
1:44 of 3rd period - Shot by Jason Robertson.
1:44 of 3rd period - Stopped by Samuel Ersson with a rebound.
2:28 of 3rd period - Michael McCarron is hit by Justin Danforth and loses puck.
2:48 of 3rd period - Mathew Dumba is hit by Michael McCarron and loses puck.
2:54 of 3rd period - Dillon Dube is hit by Michael McCarron and loses puck.
3:42 of 3rd period - Shot by Brett Howden.
3:42 of 3rd period - Stopped by Linus Ullmark without a rebound.
3:43 of 3rd period - Jack Hughes wins face-off versus Filip Forsberg in NORTH DAKOTA HAWKS zone.
4:16 of 3rd period - Shot by Ryan Hartman.
4:16 of 3rd period - Shot Misses the Net.
4:18 of 3rd period - Shot by Ryan Hartman.
4:18 of 3rd period - Shot Blocked by Jordan Oesterle.
4:20 of 3rd period - Shot by Ryan Hartman.
4:20 of 3rd period - Stopped by Samuel Ersson without a rebound.
4:21 of 3rd period - Ryan Johansen wins face-off versus Nico Sturm in CALGARY FIREMEN zone.
4:41 of 3rd period - Icing by Mason Marchment.
4:42 of 3rd period - Ryan Johansen wins face-off versus Nick Suzuki in CALGARY FIREMEN zone.
4:57 of 3rd period - Shot by Oskar Lindblom.
4:57 of 3rd period - Stopped by Linus Ullmark without a rebound.
4:58 of 3rd period - Jack Hughes wins face-off versus Filip Forsberg in NORTH DAKOTA HAWKS zone.
4:58 of 3rd period - Jack Hughes is hit by Filip Forsberg.
6:09 of 3rd period - Shot by Jake DeBrusk.
6:09 of 3rd period - Stopped by Samuel Ersson with a rebound.
6:11 of 3rd period - Shot by Nick Suzuki.
6:11 of 3rd period - Shot Misses the Net.
6:13 of 3rd period - Shot by Nick Suzuki.
6:13 of 3rd period - Stopped by Samuel Ersson with a rebound.
6:29 of 3rd period - Shot by Jake DeBrusk.
6:29 of 3rd period - Stopped by Samuel Ersson without a rebound.
6:30 of 3rd period - Frederick Gaudreau wins face-off versus Yakov Trenin in CALGARY FIREMEN zone.
6:37 of 3rd period - Shot by Justin Danforth.
6:37 of 3rd period - Shot Misses the Net.
6:39 of 3rd period - Shot by Frederick Gaudreau.
6:39 of 3rd period - Stopped by Samuel Ersson without a rebound.
6:40 of 3rd period - Brett Howden wins face-off versus Nico Sturm in CALGARY FIREMEN zone.
6:40 of 3rd period - Brett Howden is hit by Garnet Hathaway.
6:43 of 3rd period - Fabian Zetterlund is hit by Garnet Hathaway and loses puck.
8:04 of 3rd period - Off-side.
8:05 of 3rd period - Nick Suzuki wins face-off versus Ryan Johansen in neutral zone.
8:07 of 3rd period - Minor Penalty to Jamie Oleksiak for Holding.
8:08 of 3rd period - Nick Suzuki wins face-off versus Filip Forsberg in CALGARY FIREMEN zone.
8:09 of 3rd period - Shot by Jack Hughes.
8:09 of 3rd period - Stopped by Samuel Ersson without a rebound.
8:10 of 3rd period - Nick Suzuki wins face-off versus Filip Forsberg in CALGARY FIREMEN zone.
8:10 of 3rd period - Jack Hughes is hit by Nikita Zadorov and loses puck.
8:33 of 3rd period - Shot by Jack Hughes.
8:33 of 3rd period - Stopped by Samuel Ersson without a rebound.
8:34 of 3rd period - Frederick Gaudreau wins face-off versus Jakob Silfverberg in CALGARY FIREMEN zone.
8:35 of 3rd period - Shot by Cale Makar.
8:35 of 3rd period - Stopped by Samuel Ersson without a rebound.
8:36 of 3rd period - Nick Suzuki wins face-off versus Filip Forsberg in CALGARY FIREMEN zone.
8:51 of 3rd period - Shot by Nick Suzuki.
8:51 of 3rd period - Goal by Nick Suzuki - NORTH DAKOTA HAWKS : 3 - CALGARY FIREMEN : 1.
8:52 of 3rd period - Ryan Johansen wins face-off versus Jack Hughes in neutral zone.
9:07 of 3rd period - Off-side.
9:08 of 3rd period - Nick Suzuki wins face-off versus Filip Forsberg in neutral zone.
10:19 of 3rd period - Off-side.
10:20 of 3rd period - Frederick Gaudreau wins face-off versus Yakov Trenin in neutral zone.
10:37 of 3rd period - Shot by Justin Danforth.
10:37 of 3rd period - Shot Misses the Net.
10:45 of 3rd period - Shot by Frederick Gaudreau.
10:45 of 3rd period - Deflect By Justin Danforth.
10:45 of 3rd period - Shot Misses the Net.
10:47 of 3rd period - Shot by Frederick Gaudreau.
10:47 of 3rd period - Shot Misses the Net.
10:53 of 3rd period - Shot by Frederick Gaudreau.
10:53 of 3rd period - Stopped by Samuel Ersson with a rebound.
10:59 of 3rd period - Shot by Frederick Gaudreau.
10:59 of 3rd period - Shot Misses the Net.
11:01 of 3rd period - Shot by Frederick Gaudreau.
11:01 of 3rd period - Stopped by Samuel Ersson without a rebound.
11:02 of 3rd period - Jack Hughes wins face-off versus Ryan Johansen in CALGARY FIREMEN zone.
11:03 of 3rd period - Shot by Jason Robertson.
11:03 of 3rd period - Stopped by Samuel Ersson without a rebound.
11:04 of 3rd period - Jason Robertson wins face-off versus Ryan Johansen in CALGARY FIREMEN zone.
11:12 of 3rd period - Ryan Hartman is hit by Jake McCabe.
11:20 of 3rd period - Shot by Jason Robertson.
11:20 of 3rd period - Shot Misses the Net.
11:22 of 3rd period - Shot by Ryan Hartman.
11:22 of 3rd period - Shot Misses the Net.
12:18 of 3rd period - Shot by Jakob Silfverberg.
12:18 of 3rd period - Deflect By Filip Forsberg.
12:18 of 3rd period - Stopped by Linus Ullmark without a rebound.
12:19 of 3rd period - Yakov Trenin wins face-off versus Dillon Dube in NORTH DAKOTA HAWKS zone.
13:02 of 3rd period - Shot by Dillon Dube.
13:02 of 3rd period - Shot Misses the Net.
13:35 of 3rd period - Filip Forsberg is hit by Cale Makar.
13:36 of 3rd period - Filip Forsberg from CALGARY FIREMEN is injured at 13:36 of 3rd period (Sore Left Knee).
13:37 of 3rd period - Brett Howden wins face-off versus Jack Hughes in NORTH DAKOTA HAWKS zone.
13:56 of 3rd period - Shot by Brett Howden.
13:56 of 3rd period - Stopped by Linus Ullmark without a rebound.
13:57 of 3rd period - Nick Suzuki wins face-off versus Ryan Johansen in NORTH DAKOTA HAWKS zone.
13:59 of 3rd period - Cale Makar is hit by Mason Marchment and loses puck.
14:20 of 3rd period - Shot by Oskar Lindblom.
14:20 of 3rd period - Stopped by Linus Ullmark without a rebound.
14:21 of 3rd period - Yakov Trenin wins face-off versus Jack Hughes in NORTH DAKOTA HAWKS zone.
15:28 of 3rd period - Cale Makar is hit by Nikita Zadorov.
15:30 of 3rd period - Shot by Nick Suzuki.
15:30 of 3rd period - Shot Blocked by Jordan Oesterle.
15:38 of 3rd period - Shot by Jake DeBrusk.
15:38 of 3rd period - Goal by Jake DeBrusk - NORTH DAKOTA HAWKS : 4 - CALGARY FIREMEN : 1.
15:39 of 3rd period - Brett Howden wins face-off versus Frederick Gaudreau in neutral zone.
15:53 of 3rd period - Fabian Zetterlund is hit by Dillon Dube and loses puck.
16:04 of 3rd period - Shot by Fabian Zetterlund.
16:04 of 3rd period - Shot Misses the Net.
16:18 of 3rd period - Off-side.
16:19 of 3rd period - Ryan Johansen wins face-off versus Jack Hughes in neutral zone.
16:37 of 3rd period - Mason Marchment is hit by Jonas Siegenthaler and loses puck.
17:04 of 3rd period - Shot by Jason Robertson.
17:04 of 3rd period - Shot Blocked by Nikita Zadorov.
17:13 of 3rd period - Icing by Jordan Oesterle.
17:14 of 3rd period - Jake DeBrusk wins face-off versus Ryan Johansen in CALGARY FIREMEN zone.
17:33 of 3rd period - Shot by Nick Suzuki.
17:33 of 3rd period - Shot Misses the Net.
18:32 of 3rd period - Shot by Frederick Gaudreau.
18:32 of 3rd period - Shot Misses the Net.
18:56 of 3rd period - Jamie Oleksiak is hit by Nick Blankenburg and loses puck.
19:37 of 3rd period - Shot by Fabian Zetterlund.
19:37 of 3rd period - Stopped by Linus Ullmark without a rebound.
19:38 of 3rd period - Sonny Milano wins face-off versus Nico Sturm in NORTH DAKOTA HAWKS zone.
Goals for this period are 2 for NORTH DAKOTA HAWKS vs 0 for CALGARY FIREMEN.
Shots for this period are 14 for NORTH DAKOTA HAWKS vs 6 for CALGARY FIREMEN.


BLAKE
WHEELER
STEVEN
STAMKOS
DREW
DOUGHTY

EAST COAST

HOCKEY LEAGUE

  • 63.RHI2PIT5
  • 64.WOR4ATL3
  • 65.QUECHW
  • 66.CHATRV